 Dungeon Crawl Stone Soup version 0.21.0-3-g78d12a8 (console) character file.

1382 ahub the Skirmisher (level 8, -4/64 HPs)
             Began as a Demonspawn Monk on Jan 11, 2018.
             Was a Believer of Cheibriados.
             Slain by an orc warrior
             ... wielding a +0 glaive
              (14 damage)
             ... on level 7 of the Dungeon.
             The game lasted 00:14:05 (6561 turns).

ahub the Skirmisher (Demonspawn Monk)               Turns: 6561, Time: 00:14:05

Health: -4/64      AC: 14    Str: 19    XL:     8   Next: 40%
Magic:  8/8        EV: 12    Int: 17    God:    Cheibriados [**....]
Gold:   305        SH:  0    Dex: 20    Spells: 7/7 levels left

rFire    . . .     SeeInvis .   a - +0 falchion
rCold    . . .     Gourm    .   (no shield)
rNeg     . . .     Faith    .   e - +0 plate armour
rPois    .         Spirit   .   l - +0 hat
rElec    .         Reflect  .   (no cloak)
rCorr    +         Harm     .   r - +0 pair of gloves
MR       .....                  d - +0 pair of boots
Stlth    ..........             (no amulet)
HPRegen  0.20/turn              y - ring of resist corrosion
MPRegen  0.11/turn              b - ring of wizardry

@: repel missiles, very slow
A: repulsion field 3, nightstalker 1, spiny 2
a: Bend Time, Renounce Religion


You were on level 7 of the Dungeon.
You worshipped Cheibriados.
Cheibriados was pleased with you.
You were not hungry.

You visited 2 branches of the dungeon, and saw 8 of its levels.

You collected 305 gold pieces.

Inventory:

Hand Weapons
 a - a +0 falchion (weapon)
Armour
 d - a +0 pair of boots (worn)
 e - a +0 plate armour (worn)
 l - a +0 hat (worn)
 r - a +0 pair of gloves (worn)
Jewellery
 b - a ring of wizardry (right hand)
 y - a ring of resist corrosion (left hand)
Wands
 h - a wand of random effects (20)
 w - a wand of enslavement (12)
Scrolls
 f - 3 scrolls of remove curse
 m - a scroll of blinking {unknown}
 n - a scroll of fear {unknown}
 s - a scroll of enchant armour {unknown}
 t - a scroll of magic mapping {unknown}
 v - 2 scrolls of teleportation
 x - a scroll of summoning {unknown}
Potions
 g - a potion of agility {unknown}
 i - 2 potions of might
 j - a potion of curing
 k - 3 potions of haste
 o - a potion of resistance {unknown}
 q - a potion of ambrosia {unknown}
 u - a potion of experience {unknown}
 z - a potion of flight {unknown}
 A - a potion of brilliance {unknown}
 C - 3 potions of mutation {unknown}
Comestibles
 c - 5 rations


   Skills:
 + Level 5.7 Fighting
 + Level 5.2 Long Blades
 * Level 5.1 Armour
 + Level 5.1 Dodging
 - Level 2.0 Stealth


You had 7 spell levels left.
You didn't know any spells.

Dungeon Overview and Level Annotations

Branches:
Dungeon (7/15)             Temple (1/1) D:6

Altars:
Ashenzari
Cheibriados
Dithmenos
Elyvilon
Fedhas
Gozag
Hepliaklqana
Kikubaaqudgha
Makhleb
Okawaru
Qazlal
Ru
Sif Muna
Trog
Uskayaw
Vehumet
Wu Jian
Xom
Yredelemnul
Zin
The Shining One

Shops:
D:5 :   D:6 =


Innate Abilities, Weirdness & Mutations

You are surrounded by a strong repulsion field. (EV +4, RMsl)
You are slightly more attuned to the shadows.
You are mostly covered in sharp spines.


Message History

You are too injured to fight recklessly!
You are too injured to fight recklessly!
You are too injured to fight recklessly!
You are too injured to fight recklessly!
You are too injured to fight recklessly!
You are too injured to fight recklessly!
You are too injured to fight recklessly!
You are too injured to fight recklessly!
You hit the orc warrior.
The orc warrior is lightly wounded.
The orc warrior misses you.
You hit the orc warrior.
The orc warrior is moderately wounded.
The orc warrior hits you with a glaive.
* * * LOW HITPOINT WARNING * * *
You hit the orc warrior but do no damage.
The orc warrior is moderately wounded.
The orc warrior is struck by your spines.
The orc warrior hits you with a glaive!
You die...

####'#####..........
#.# #.######### #.##
#.# # #..# #.# # ##.##
#.# # #..# #.#########
##.# #.#........
#########.###.#.#######
..................<...
###...###.##.#....#.#
#.)@# #..#.#..#.# #..o#
#.#.#....# #...#
#...##.### #...#
##..#... ##### #..#..##
#..#.)# ##.#..####
#..)))..# ####..#.##.#
######.....#.# #
#......###.#.# #


You could see an orc warrior.

Vanquished Creatures
  An orc warrior (D:6)
  A phantom (D:5)
  An ogre (D:4)
  A bullfrog (D:6)
  2 howler monkeys
  5 orc priests
  6 hounds
  8 orc wizards
  5 worker ants
  2 worker ant zombies (D:6)
  4 gnolls (D:5)
  7 adders
  2 oozes
  3 adder zombies
  An adder skeleton (D:6)
  4 worms
  4 dart slugs (D:1)
  5 leopard geckos
  18 orcs
  2 ball pythons
  10 bats
  7 giant cockroaches
  7 goblins
  7 hobgoblins
  14 jackals
  9 kobolds
  A quokka (D:3)
  A ball python skeleton (D:3)
  5 frilled lizards
  11 rats
154 creatures vanquished.

Notes
Turn   | Place    | Note
-------+----------+-------------------------------------------
     0 | D:1      | ahub the Demonspawn Monk began the quest for the Orb.
     0 | D:1      | Reached XP level 1. HP: 18/18 MP: 1/1
    93 | D:1      | Gained mutation: You are partially covered in sharp spines. [demonic ancestry]
    93 | D:1      | Reached XP level 2. HP: 22/24 MP: 2/2
   433 | D:1      | Gained mutation: You are surrounded by a mild repulsion field. (EV +2) [demonic ancestry]
   433 | D:1      | Reached XP level 3. HP: 15/29 MP: 3/3
  1575 | D:2      | Gained mutation: You are surrounded by a moderate repulsion field. (EV +3) [demonic ancestry]
  1575 | D:2      | Reached XP level 4. HP: 35/37 MP: 4/4
  2537 | D:4      | Gained mutation: You are surrounded by a strong repulsion field. (EV +4, RMsl) [demonic ancestry]
  2537 | D:4      | Reached XP level 5. HP: 30/42 MP: 5/5
  2563 | D:4      | Reached skill level 1 in Armour
  2761 | D:4      | Noticed an ogre
  2773 | D:4      | Killed an ogre
  3034 | D:4      | Gained mutation: You are slightly more attuned to the shadows. [demonic ancestry]
  3034 | D:4      | Reached XP level 6. HP: 45/49 MP: 6/6
  3631 | D:5      | Entered Level 5 of the Dungeon
  3862 | D:5      | Gained mutation: You are mostly covered in sharp spines. [demonic ancestry]
  3862 | D:5      | Reached XP level 7. HP: 15/55 MP: 7/7
  4215 | D:5      | Found a shimmering altar of Xom.
  4230 | D:5      | Found a blossoming altar of Fedhas.
  4258 | D:5      | Found Jial's Book Emporium.
  4698 | D:5      | Reached skill level 5 in Fighting
  5116 | D:6      | Found a staircase to the Ecumenical Temple.
  5297 | D:6      | Reached XP level 8. HP: 41/62 MP: 8/8
  5302 | D:6      | HP: 3/62 [orc warrior/scimitar (15)]
  5601 | D:6      | Found a glowing golden altar of the Shining One.
  5675 | Temple   | Entered the Ecumenical Temple
  5764 | Temple   | Became a worshipper of Cheibriados the Contemplative
  5764 | Temple   | Reached * piety under Cheibriados
  5764 | Temple   | Reached ** piety under Cheibriados
  5815 | D:6      | Reached skill level 5 in Long Blades
  5815 | D:6      | Reached skill level 5 in Dodging
  6140 | D:6      | Found Zelozaydi's Jewellery Shop.
  6182 | D:7      | Reached skill level 5 in Armour
  6561 | D:7      | Slain by an orc warrior

Skill      XL: |  1  2  3  4  5  6  7  8 |
---------------+-------------------------+-----
Long Blades    | 3 4 5 |  5.2
Stealth        | 2 |  2.0
Dodging        | 3 4 5 |  5.1
Fighting       | 4 5 |  5.7
Armour         | 2 3 4 5 |  5.1

Action                   |  1- 3 |  4- 6 |  7- 9 || total
-------------------------+-------+-------+-------++-------
Melee: Falchion          |    83 |   161 |   164 ||   408
  Use: Scroll            |       |     5 |     3 ||     8
       Potion            |       |       |     4 ||     4
 Stab: Sleeping          |     5 |     2 |     2 ||     9
  Eat: Chunk             |     2 |     4 |     4 ||    10
       Ration            |       |     1 |     1 ||     2
Armor: Robe              |     6 |       |       ||     6
       Ring mail         |    10 |    38 |    30 ||    78
       Chain mail        |    10 |     7 |       ||    17
       Plate armour      |       |       |    20 ||    20
Dodge: Dodged            |    50 |   124 |   138 ||   312
       Rpst.: Falchion   |    18 |    41 |    41 ||   100
